 Dungeon Crawl Stone Soup version 0.28-a0-664-gc179e30c89 (webtiles) character file.

Game seed: 8590581707465627245

5047 demibob the Grappler (level 10, -4/77 HPs)
             Began as a Ghoul Monk on Oct 16, 2021.
             Was a High Priest of Okawaru.
             Slain by a sixfirhy (12 damage)
             ... summoned by a kobold demonologist
             ... on level 9 of the Dungeon.
             The game lasted 00:13:38 (9975 turns).

demibob the Grappler (Ghoul Monk)                   Turns: 9975, Time: 00:13:39

Health: -4/77      AC: 11    Str: 16    XL:     10   Next: 55%
Magic:  11/11      EV: 15    Int:  5    God:    Okawaru [*****.]
Gold:   371        SH:  5    Dex: 14    Spells: 9/9 levels left

rFire   . . .      SeeInvis .     - Unarmed
rCold   + . .      Faith    .   c - +0 buckler
rNeg    + + +      Spirit   .   w - +1 steam dragon scales
rPois   ∞          Reflect  .   (no helmet)
rElec   .          Harm     .   f - +0 cloak {Stlth+}
rCorr   +          Rampage  .   (no gloves)
Will    .....                   (no boots)
Stlth   +++.......              p - amulet of the acrobat
HPRegen 0.00/turn               R - ring of resist corrosion
MPRegen 0.12/turn               T - +4 ring of protection

@: about to teleport, inhibited regen
A: claws 1, cold resistance 1, negative energy resistance 3, inhibited
regeneration, torment resistance 2
a: Renounce Religion, Heroism, Finesse, Duel


You were on level 9 of the Dungeon.
You worshipped Okawaru.
Okawaru was extremely pleased with you.
You visited 1 branch of the dungeon, and saw 9 of its levels.

You collected 371 gold pieces.


Innate Abilities, Weirdness & Mutations

You thrive by killing the living.
You are immune to poison.
You have sharp fingernails.
Your flesh is cold resistant. (rC+)
You are immune to negative energy. (rN+++)
You do not regenerate when monsters are visible.
You are immune to unholy pain and torment.


   Skills:
 - Level 3.2 Fighting
 + Level 6.8 Dodging
 - Level 2.1 Stealth
 - Level 4.0 Shields
 + Level 14.0 Unarmed Combat
 - Level 2.6 Invocations


You had 9 spell levels left.
You didn't know any spells.
Your spell library contained the following spells:

 Spells                   Type           Power      Damage    Failure   Level
 Ensorcelled Hibernation  Hex/Ice        0%         N/A       63%         2
 Tukima's Dance           Hex            Unusable   N/A       N/A         3

Inventory:

Armour
 c - a +0 buckler (worn)
 f - a +0 cloak of stealth (worn)
 w - +1 steam dragon scales (worn)
 y - a +0 kite shield
Jewellery
 p - an amulet of the acrobat (around neck)
 R - a ring of resist corrosion (left claw)
 T - a +4 ring of protection (right claw)
Wands
 m - a wand of paralysis (18)
 n - a wand of mindburst (8)
 o - a wand of flame (43)
 q - a wand of polymorph (5)
 r - a wand of acid (25)
 t - a wand of iceblast (2)
Scrolls
 a - a scroll of teleportation {@r2}
 u - a scroll of magic mapping
 v - a scroll of torment
 x - a scroll of identify {@r1}
Potions
 b - 3 potions of mutation
 d - 6 potions of curing {@q1}
 e - 2 potions of brilliance
 g - a potion of might
 h - 2 potions of magic
 i - a potion of ambrosia
 j - a potion of degeneration
 k - 3 potions of flight
 l - 3 potions of lignification
 s - a potion of cancellation

Dungeon Overview and Level Annotations

Branches:
Dungeon (9/15)             Temple (0/1) D:5
   Lair: D:8-11         Orc: D:9-12

Altars:
Cheibriados
Elyvilon
Gozag
Hepliaklqana
Kikubaaqudgha
Nemelex Xobeh
Okawaru
Qazlal
Sif Muna
Trog
Uskayaw
The Shining One

Annotations:
D:6 2 transporters, AlleluiaPinecone's ghost, novice VSBr

#.. #..#
#.. #..#
#.. #..#
#.. #4.#
#.. #K4#
.. #KK#
.. #.3#
.. #@K#
.. #..#
..
#..#####.
..
#........
..
#........
..
#.######.
#.. #.#
#.. #.#
#.. #.#
#..


You could see a kobold demonologist, a sixfirhy (summoned), 2 chaos spawn, a
kobold brigand and 2 kobolds.


Message History

You see here a +0 short sword.
You miss the sixfirhy. The sixfirhy hits you! The sixfirhy shocks you!
The sixfirhy hits you. The sixfirhy shocks you!
The kobold demonologist mumbles some strange words.
The sixfirhy hits you. The sixfirhy shocks you!
* * * LOW HITPOINT WARNING * * *
You are too injured to fight recklessly!
You are too injured to fight recklessly!
You are too injured to fight recklessly!
You are too injured to fight recklessly!
You are too injured to fight recklessly!
You are too injured to fight recklessly!
As you read the scroll of teleportation {@r2}, it crumbles to dust.
You feel strangely unstable. The sixfirhy hits you.
* * * LOW HITPOINT WARNING * * *
The sixfirhy shocks you!
* * * LOW HITPOINT WARNING * * *
The sixfirhy hits you.
* * * LOW HITPOINT WARNING * * *
The sixfirhy shocks you!
* * * LOW HITPOINT WARNING * * *
The sixfirhy hits you but does no damage.
The kobold closely misses you.
The kobold demonologist looks satisfied for a moment.
You block the sixfirhy's attack. The kobold closely misses you.
Okay, then.
You feel better. The sixfirhy hits you.
* * * LOW HITPOINT WARNING * * *
The sixfirhy shocks you!
You die...

Skill      XL: |  1  2  3  4  5  6  7  8  9 10 |
---------------+-------------------------------+-----
Unarmed Combat | 4 5 6 7 8 11 13 14 | 14.0
Invocations    | 2 |  2.6
Shields        | 3 4 |  4.0
Dodging        | 5 6 |  6.8
Fighting       | |  3.2
Stealth        | |  2.1

Action                   |  1- 3 |  4- 6 |  7- 9 | 10-12 || total
-------------------------+-------+-------+-------+-------++-------
Melee: Unarmed           |   106 |   133 |   218 |   101 ||   558
       Punch             |       |     3 |       |       ||     3
Invok: Heroism           |       |     2 |     6 |     2 ||    10
Evoke: Wand              |       |       |     7 |       ||     7
  Use: Scroll            |     6 |     9 |     7 |     3 ||    25
       Potion            |       |     1 |     7 |     1 ||     9
 Stab: Sleeping          |     3 |     4 |     6 |     4 ||    17
       Paralysed         |       |       |     2 |       ||     2
       Distracted        |       |       |     1 |     1 ||     2
Armor: Robe              |    22 |    14 |    12 |       ||    48
       Steam dragon scal |       |       |    13 |    27 ||    40
Dodge: Dodged            |    56 |    66 |   107 |    75 ||   304
Block: Buckler           |       |       |    46 |    21 ||    67

Levels and vault maps discovered:
D:1:      mushboom_english_gardens, layout_loops_ring, minmay_distorted
D:2:      layout_basic, shapermc_ecumenical_altar_mp_ritualfount
D:3:      layout_basic, kennysheep_okawaru_gauntlet, nicolae_uskayaw_dance_hall,
          worldfamousw_hep_ancestral_shrine, nicolae_sif_muna_little_library,
          mainiacjoe_overflow_catwalk_spiral, serial_curves, eino_curves_02,
          eino_curves_02, eino_curves_02
D:4:      layout_rooms, grunt_temple_overflow_opulence,
          nicolae_qazlal_eye_of_the_storm, uniq_blork_the_orc
D:5:      layout_basic, overflow_temple_1_default, temple_pool_b, serial_rivers,
          chequers_serial_rivers_micro_a, chequers_serial_rivers_small_b,
          chequers_serial_rivers_large_b, chequers_serial_rivers_marsh,
          chequers_serial_rivers_micro_a, chequers_serial_rivers_large_a
D:6:      layout_basic, gammafunk_ghost_smash
D:7:      layout_basic, mainiacjoe_overflow_surrounded_room, kennysheep_potato,
          uniq_duvessa
D:8:      layout_cave_pools, serial_gnoll_camp, gnoll_camp_mini_hut,
          gnoll_camp_mini_doghouse, gnoll_camp_mini_hut, gnoll_camp_mini_house,
          gnoll_camp_mini_hut, gnoll_camp_mini_loothouse, uniq_maurice,
          uniq_pikel
D:9:      layout_long_grid, mainiacjoe_overflow_24_doors,
          makhleb_altar_promises_db

Notes
Turn   | Place    | Note
-------+----------+-------------------------------------------
     0 | D:1      | demibob the Ghoul Monk began the quest for the Orb.
     0 | D:1      | Reached XP level 1. HP: 19/19 MP: 0/0
   343 | D:1      | Reached XP level 2. HP: 26/26 MP: 1/1
   408 | D:1      | Reached skill level 4 in Unarmed Combat
   537 | D:1      | Reached XP level 3. HP: 14/31 MP: 2/2
  1362 | D:2      | Found a faded altar of an unknown god.
  1571 | D:2      | Reached skill level 5 in Unarmed Combat
  1783 | D:2      | Reached XP level 4. HP: 26/38 MP: 3/3
  2227 | D:3      | Found a bloodstained altar of Trog.
  2350 | D:3      | Found an iron altar of Okawaru.
  2390 | D:3      | Became a worshipper of Warmaster Okawaru
  2390 | D:3      | Reached * piety under Okawaru
  2390 | D:3      | Reached ** piety under Okawaru
  2577 | D:3      | Found a hide-covered altar of Uskayaw.
  2878 | D:3      | Found a shimmering blue altar of Sif Muna.
  2934 | D:3      | Found a hazy altar of Hepliaklqana.
  3024 | D:4      | Reached skill level 6 in Unarmed Combat
  3024 | D:4      | Reached XP level 5. HP: 41/45 MP: 4/4
  3247 | D:4      | Found a stormy altar of Qazlal.
  3315 | D:4      | Noticed Blork the orc
  3325 | D:4      | Killed Blork the orc
  3326 | D:4      | Reached skill level 7 in Unarmed Combat
  3326 | D:4      | Reached XP level 6. HP: 17/51 MP: 2/5
  3644 | D:4      | Found a sparkling altar of Nemelex Xobeh.
  3644 | D:4      | Found an opulent altar of Gozag.
  3777 | D:5      | Entered Level 5 of the Dungeon
  3999 | D:5      | Reached skill level 1 in Invocations
  4193 | D:5      | Reached skill level 2 in Invocations
  4252 | D:5      | Found a staircase to the Ecumenical Temple.
  4843 | D:6      | Reached XP level 7. HP: 57/57 MP: 6/8
  5010 | D:6      | Reached skill level 1 in Shields
  5010 | D:6      | Reached skill level 8 in Unarmed Combat
  5149 | D:6      | Reached *** piety under Okawaru
  5150 | D:6      | Reached skill level 2 in Shields
  5297 | D:6      | Found a transporter.
  5299 | D:6      | Found a transporter.
  5301 | D:6      | Noticed AlleluiaPinecone's ghost (novice VSBr)
  5304 | D:6      | Identified the +9 dire flail of Qanotor {vorpal, Int+6}
  5615 | D:6      | Reached skill level 3 in Shields
  5615 | D:6      | Reached XP level 8. HP: 55/63 MP: 9/9
  5763 | D:6      | Reached skill level 9 in Unarmed Combat
  6521 | D:7      | Reached skill level 4 in Shields
  6676 | D:7      | Found a snail-covered altar of Cheibriados.
  6948 | D:7      | Reached skill level 10 in Unarmed Combat
  7288 | D:7      | Noticed Duvessa
  7393 | D:7      | Noticed Dowan
  7410 | D:7      | Killed Duvessa
  7416 | D:7      | Killed Dowan
  7419 | D:7      | Reached skill level 11 in Unarmed Combat
  7587 | D:7      | Reached XP level 9. HP: 63/70 MP: 7/10
  7587 | D:7      | Reached **** piety under Okawaru
  7975 | D:8      | HP: 6/70 [orc warrior (6)]
  7982 | D:8      | Reached skill level 12 in Unarmed Combat
  8286 | D:8      | Noticed Maurice
  8304 | D:8      | Killed Maurice
  8305 | D:8      | Reached skill level 3 in Dodging
  8509 | D:8      | Noticed Pikel
  8518 | D:8      | Killed Pikel
  8519 | D:8      | Reached skill level 4 in Dodging
  8615 | D:8      | You fall into a shaft and drop 1 floor!
  8646 | D:9      | Found an ancient bone altar of Kikubaaqudgha.
  8817 | D:9      | Reached skill level 13 in Unarmed Combat
  8820 | D:9      | Identified the +7 dagger of Fury {speed, Stlth+}
  8881 | D:8      | Reached skill level 5 in Dodging
  8900 | D:8      | Reached XP level 10. HP: 77/77 MP: 11/11
  9810 | D:9      | Reached ***** piety under Okawaru
  9811 | D:9      | Reached skill level 6 in Dodging
  9932 | D:9      | Reached skill level 14 in Unarmed Combat
  9966 | D:9      | Noticed a kobold demonologist
  9971 | D:9      | Noticed a sixfirhy
  9974 | D:9      | HP: 5/77 [sixfirhy[a kobold demonologist] (11)]
  9975 | D:9      | Slain by a sixfirhy

Vanquished Creatures
  Pikel (D:8)
  Maurice (D:8)
  A troll (D:9)
  2 hornets (D:9)
  5 yaks (D:9)
  A wyvern (D:8)
  2 steam dragons
  A water moccasin (D:7)
  Duvessa (D:7)
  4 orc warriors
  A sky beast (D:7)
  An ogre (D:6)
  2 centaurs (D:9)
  3 kobold brigands
  Blork the orc (D:4)
  2 gnoll sergeants (D:8)
  A bullfrog (D:6)
  2 scorpions (D:6)
  A water moccasin zombie (D:6)
  Dowan (D:7)
  3 wights (D:8)
  A centaur zombie (D:7)
  2 bullfrog zombies
  3 orc priests
  8 hounds
  An iguana (D:5)
  3 orc wizards
  2 killer bee zombies
  A hound skeleton (D:4)
  A howler monkey skeleton (D:4)
  2 howler monkey zombies
  5 adders
  9 gnolls (D:8)
  A shadow imp (D:5)
  3 white imps
  An ufetubus (D:4)
  2 worms
  21 orcs
  5 ball pythons
  4 endoplasms
  5 giant cockroaches
  7 hobgoblins
  9 jackals
  5 quokkas
  2 bats
  2 frilled lizards
  4 goblins
  19 kobolds
  4 rats
169 creatures vanquished.

Vanquished Creatures (others)
  A hound (D:7)
1 creature vanquished.

Grand Total: 170 creatures vanquished

Table legend: (Time is in decaauts)
 A = Elapsed time spent in this place.
 B = Non-inter-level travel time spent in this place.
 C = Inter-level travel time spent in this place.
 D = Time resting spent in this place.
 E = Time spent auto-exploring this place.
 F = Levels seen in this place.
 G = Mean time per level.
                   A        B        C        D        E       F      G
               +--------+--------+--------+--------+--------+-----+--------+
         Total |   9936 |   9767 |    169 |   1611 |   6750 |   9 | 1104.0 |
       Dungeon |   9936 |   9767 |    169 |   1611 |   6750 |   9 | 1104.0 |
               +--------+--------+--------+--------+--------+-----+--------+

Top non-repeatable levels by time:
     D:7: 1705 daAuts
     D:6: 1605 daAuts
     D:1: 1307 daAuts
     D:5: 1098 daAuts
     D:8: 965 daAuts
     D:2: 907 daAuts
     D:9: 803 daAuts
     D:4: 778 daAuts
     D:3: 764 daAuts

Table legend:
 A = Non-vault XP
 B = Vault XP
 C = Vault XP percentage of total XP
 D = Non-vault monster count
 E = Vault monster count
 F = Vault count percentage of total count
                 A         B        C        D         E       F
            +---------+---------+-------+---------+---------+-------
      Total |    5060 |    2151 |  29.8 |     142 |      27 |  16.0
            +---------+---------+-------+---------+---------+-------
        D:1 |      37 |       3 |   7.5 |      22 |       2 |   8.3
        D:2 |      52 |       0 |   0.0 |      14 |       0 |   0.0
        D:3 |      43 |       0 |   0.0 |      12 |       0 |   0.0
        D:4 |     161 |      94 |  36.9 |      14 |       1 |   6.7
        D:5 |     223 |       0 |   0.0 |      10 |       0 |   0.0
        D:6 |     866 |       0 |   0.0 |      19 |       0 |   0.0
        D:7 |     618 |     472 |  43.3 |      16 |       4 |  20.0
        D:8 |     654 |    1582 |  70.8 |      16 |      20 |  55.6
        D:9 |    2406 |       0 |   0.0 |      19 |       0 |   0.0
            +---------+---------+-------+---------+---------+-------
